 Dungeon Crawl Stone Soup version 0.17-a0-2069-g0f4ee5b (webtiles) character file.

3007 4thArraOfDagon the Martial Artist (level 9, -6/43 HPs)
             Began as a Vine Stalker Monk on Oct 13, 2015.
             Was an Elder of Cheibriados.
             Mangled by a cyan ugly thing (8 damage)
             ... on level 11 of the Dungeon.
             The game lasted 00:10:36 (2048 turns).

4thArraOfDagon the Martial Artist (VSMo)            Turns: 2048, Time: 00:10:36

Health: -6/43      AC: 14    Str: 24    XL:     9   Next: 84%
Magic:  0/13       EV: 16    Int: 24    God:    Cheibriados [****..]
Gold:   233        SH:  0    Dex: 32    Spells: 0 memorised, 8 levels left

rFire  . . .     SeeInvis .       - Unarmed
rCold  . . .     Clarity  .     r - +0 plate armour
rNeg   . . .     SustAt   .     (no shield)
rPois  .         Gourm    .     (no helmet)
rElec  .         Spirit   +     (no cloak)
rCorr  .         Warding  .     (no gloves)
rMut   .         Stasis   .     m - +0 pair of boots
MR     +....                    i - amulet of guardian spirit
Stlth  ..........               (no ring)
                                e - +3 ring of protection

@: agile, very slow, somewhat resistant to hostile enchantments, extremely
unstealthy
A: fangs 3, hooves 1, clever 1, frail 1, regeneration 2, strong 1, magic shield,
antimagic bite, no device heal 3, rot immunity, subdued magic 1
a: Bend Time, Temporal Distortion, Slouch, Renounce Religion


You were on level 11 of the Dungeon.
You worshipped Cheibriados.
Cheibriados was greatly pleased with you.
You were not hungry.

You visited 2 branches of the dungeon, and saw 12 of its levels.

You collected 233 gold pieces.

Inventory:

Hand Weapons
 u - the +3 flail "Ocon" {freeze, *Rage rElec rF- MR+, unknown}
   (You found it on level 10 of the Dungeon)

   It has been specially enchanted to freeze those struck by it, causing extra
   injury to most foes and up to half again as much damage against particularly
   susceptible opponents.
   It can also slow down cold-blooded creatures.
   It makes you vulnerable to fire.
   It insulates you from electricity.
   It affects your resistance to hostile enchantments.
   It may make you go berserk in combat.
Armour
 d - a +1 chain mail
 m - a +0 pair of boots (worn)
 r - a +0 plate armour (worn)
Magical Staves
 s - an uncursed staff of summoning {unknown}
Jewellery
 e - a +3 ring of protection (left hand)
 i - an amulet of guardian spirit (around neck)
Wands
 a - a wand of magic darts (24)
 c - a wand of frost (10)
 k - a wand of random effects (19)
 t - a wand of frost (17)
Scrolls
 f - a scroll of recharging
Potions
 h - a potion of ambrosia
Comestibles
 b - 4 bread rations
 g - 2 chunks of flesh
 j - 2 slices of pizza
 p - 2 meat rations


   Skills:
 + Level 6.2 Fighting
 + Level 5.5 Dodging
 - Level 2.4 Stealth
 * Level 9.6 Unarmed Combat
 + Level 5.1 Invocations


You had 8 spell levels left.
You didn't know any spells.

Dungeon Overview and Level Annotations

Branches:
Dungeon (11/15)            Temple (1/1) D:5
   Lair: D:8-11         Orc: D:9-12

Altars:
Ashenzari
Cheibriados
Fedhas
Gozag
Kikubaaqudgha
Makhleb
Nemelex Xobeh
Okawaru
Qazlal
Ru
Trog
Vehumet
Xom
Yredelemnul
Zin
The Shining One


Innate Abilities, Weirdness & Mutations

You have razor-sharp teeth.
You heal very quickly.
When hurt, damage is shared between your health and your magic reserves.
Your bite disrupts and absorbs the magic of your enemies.
Potions and wands cannot restore your health.
You are immune to rotting.
You have large cloven feet.
Your mind is acute. (Int +2)
You are frail (-10% HP).
Your muscles are strong. (Str +2)
Your spells are a little easier to cast, but a little less powerful.


Message History

Unknown command.
Unknown command.
You feel less invigorated.
You feel less confused.
Unknown command.
Unknown command.
Unknown command.
You punch the cyan ugly thing!
You bite the cyan ugly thing, but do no damage.
The cyan ugly thing is moderately wounded.
The cyan ugly thing barely misses you.
Unknown command.
Unknown command.
Unknown command.
You hit the cyan ugly thing. You bite the cyan ugly thing. You drain its power.
The cyan ugly thing is moderately wounded.
The cyan ugly thing tentacle-slaps you!
* * * LOW HITPOINT WARNING * * *
The cyan ugly thing shocks you!
You die...

##. ... # #.# ###.
.## #.. ...# #.# #.#
# ...# #.# ##.# ##.
##.## ##.#####.## #..
....###.........###.#
##.....#########@#.#
##..#### ##uK# #
....# ##.# .# ###.#
#(###..## #.#
#(C))uK.# #.#
#####...# #.# ....C
#.. .... ##. ##.


You could see a cyan ugly thing, a hill giant and a kobold.

Vanquished Creatures
  An ugly thing (D:11)
  A centaur zombie (D:8)
  A hungry ghost (D:10)
  2 hippogriffs
  Duvessa (D:7)
  2 orc warriors
  A sky beast (D:7)
  2 ogres
  A wasp (D:7)
  A big kobold (D:11)
  A giant frog (D:9)
  A centaur (D:9)
  Dowan (D:7)
  5 killer bees
  4 wights
  A crimson imp (D:9)
  3 hounds
  2 iguanas
  A giant frog skeleton (D:11)
  An orc priest (D:4)
  4 orc wizards
  3 worker ants
  5 adders
  7 gnolls
  23 orcs
  A ball python (D:4)
  A bat (D:1)
  2 giant cockroaches
  A hobgoblin (D:2)
  6 jackals
  6 kobolds
  2 quokkas
  2 giant geckos (D:5)
  3 giant newts
  A goblin (D:3)
  A rat (D:2)
101 creatures vanquished.

Vanquished Creatures (others)
  4 fungi (D:10)
  A plant (D:10)
5 creatures vanquished.

Grand Total: 106 creatures vanquished

Notes
Turn   | Place    | Note
--------------------------------------------------------------
     0 | D:1      | 4thArraOfDagon the Vine Stalker Monk began the quest for the Orb.
     0 | D:1      | Reached XP level 1. HP: 11/11 MP: 2/2
    68 | D:2      | Reached XP level 2. HP: 16/16 MP: 3/3
   170 | D:3      | Found a shattered altar of Ashenzari.
   232 | D:5      | Entered Level 5 of the Dungeon
   247 | D:5      | Reached XP level 3. HP: 20/20 MP: 4/4
   326 | D:6      | Noticed an orc warrior
   402 | D:6      | Reached XP level 4. HP: 24/24 MP: 5/5
   436 | D:6      | Found a sacrificial altar of Ru.
   453 | D:6      | Reached skill level 5 in Unarmed Combat
   519 | D:5      | Found a staircase to the Ecumenical Temple.
   525 | Temple   | Entered the Ecumenical Temple
   559 | Temple   | Became a worshipper of Cheibriados the Contemplative
   559 | Temple   | Reached * piety under Cheibriados
   559 | Temple   | Reached ** piety under Cheibriados
   675 | D:4      | Reached XP level 5. HP: 22/28 MP: 3/6
   815 | D:4      | Reached skill level 1 in Invocations
   847 | D:4      | Found a sand-covered staircase.
   936 | D:5      | Gained mutation: You heal very quickly. [Vine Stalker growth]
   936 | D:5      | Reached XP level 6. HP: 33/33 MP: 7/7
  1056 | D:6      | Noticed an orc warrior
  1120 | D:7      | Reached *** piety under Cheibriados
  1152 | D:7      | Reached skill level 6 in Unarmed Combat
  1153 | D:7      | HP: 1/33 [poisoned by a wasp]
  1202 | D:7      | Reached XP level 7. HP: 26/37 MP: 9/9
  1249 | D:7      | Gained mutation: Your muscles are strong. (Str +2) [mutagenic meat]
  1250 | D:7      | Gained mutation: You have large cloven feet. [mutagenic meat]
  1251 | D:7      | Gained mutation: Your mind is acute. (Int +2) [mutagenic meat]
  1253 | D:7      | Gained mutation: You are frail (-10% HP). [mutagenic meat]
  1254 | D:7      | Gained mutation: Your spells are a little easier to cast, but a little less powerful. [mutagenic meat]
  1297 | D:7      | Noticed Duvessa
  1298 | D:7      | Noticed Dowan
  1312 | D:7      | Killed Duvessa
  1318 | D:7      | Killed Dowan
  1435 | D:6      | Reached skill level 7 in Unarmed Combat
  1435 | D:6      | Gained mutation: You have razor-sharp teeth. [Vine Stalker growth]
  1435 | D:6      | Reached XP level 8. HP: 32/37 MP: 9/11
  1496 | D:8      | Noticed a centaur zombie
  1505 | D:8      | Killed a centaur zombie
  1505 | D:8      | Reached skill level 5 in Fighting
  1589 | D:9      | Reached skill level 8 in Unarmed Combat
  1626 | D:9      | Reached XP level 9. HP: 29/42 MP: 13/13
  1645 | D:9      | HP: 2/42 [orc wizard/magic dart (2)]
  1660 | D:9      | Reached **** piety under Cheibriados
  1733 | D:10     | Entered Level 10 of the Dungeon
  1772 | D:10     | Reached skill level 5 in Dodging
  1884 | D:10     | Got an ancient flail
  1894 | D:10     | Reached skill level 9 in Unarmed Combat
  1917 | D:10     | You fall through a shaft!
  2014 | D:11     | Noticed a red ugly thing
  2020 | D:11     | Noticed a green ugly thing
  2021 | D:11     | Noticed a hill giant
  2037 | D:11     | Killed a green ugly thing
  2037 | D:11     | Reached skill level 5 in Invocations
  2042 | D:11     | HP: 1/43 [cyan ugly thing (6)]
  2048 | D:11     | HP: 2/43 [cyan ugly thing (3)]
  2048 | D:11     | Mangled by a cyan ugly thing

Vault maps used:
D:1:      mrwooster_arrival_statue, minmay_crystal_room
D:2:      uniq_terence
D:3:      evilmike_ruin_ashenzari
D:4:      enter_ossuary_1
D:5:      minmay_temple_entry_hall, serial_shops, nicolae_shop_behind_doors,
          first_bread, okawaru_trees_1
D:6:      kennysheep_little_box
D:7:      uniq_duvessa
D:9:      hangedman_tree_tricks, uniq_psyche
D:10:     grunt_lair_entry_elf_guard_hut, orc_0_dummy,
          kennysheep_generic_room_15, uniq_harold, uniq_maurice, uniq_josephine
D:11:     uniq_urug
Temple:   kilobyte_greek_temple_18

Action                   |  1- 3 |  4- 6 |  7- 9 || total
-------------------------+-------+-------+-------++-------
Melee: Unarmed           |    60 |   149 |   177 ||   386
Throw: Throwing net      |       |       |     1 ||     1
Invok: Bend Time         |       |     1 |     2 ||     3
Evoke: Wand              |       |       |     3 ||     3
  Use: Scroll            |     3 |     1 |     4 ||     8
       Potion            |       |     2 |     3 ||     5
 Stab: Sleeping          |     2 |       |       ||     2
       Held in net/web   |       |       |     1 ||     1
  Eat: Chunk             |       |       |     9 ||     9
